 Dungeon Crawl Stone Soup version 0.30-a0-632-g346586fe48 (console) character file.

Game seed: 15048764057477905300

192142 jejorda2 the Phalangite (level 18, 0/226 HPs)
             Began as a Merfolk Berserker on Jan 13, 2023.
             Was a High Priest of Trog.
             Slain by a salamander
             ... wielding a +1 vampiric halberd
              (5 damage)
             ... on level 3 of the Snake Pit.
             The game lasted 01:38:19 (34142 turns).

jejorda2 the Phalangite (Merfolk Berserker)        Turns: 34142, Time: 01:38:19

Health: 0/226      AC: 36    Str: 25    XL:     18   Next: 67%
Magic:  18/18      EV: 20    Int:  7    God:    Trog [*****.]
Gold:   4656       SH:  0    Dex: 17    Spells: 17/17 levels left

rFire   + + .      SeeInvis +    a - +6 bardiche {heavy, Will+ Dex+4}
rCold   + + .      Faith    +    (shield currently unavailable)
rNeg    + . .      Spirit   .    z - +15 Maxwell's patent armour {-Cast -Tele rElec Will+ rCorr}
rPois   +          Reflect  .    e - -2 hat of the Alchemist {rElec rPois rF+ rC+ rN+ Will+ rMut rCorr}
rElec   +          Harm     .    V - +2 cloak {rC+}
rCorr   +          Rampage  .    B - +2 pair of gloves
rMut    +          NoTele   +    G - +1 pair of boots of the Five Ultimatums {+Inv rF+}
Will    ++++.      NoCast   +    N - amulet of faith Stlth
                                 C - ring of see invisible
HPRegen 0.57/turn                R - +5 ring of evasion
MPRegen 0.16/turn

@: berserking (expiring), very quick
A: (nimble swimmer 2), mertail
a: Renounce Religion, Evoke Invisibility, Berserk, Trog's Hand, Brothers in Arms


You were on level 3 of the Snake Pit.
You worshipped Trog.
Trog was extremely pleased with you.
You visited 5 branches of the dungeon, and saw 29 of its levels.
You also visited: Sewer and Ice Cave.

You collected 5014 gold pieces.
You spent 358 gold pieces at shops.

Inventory:

Hand Weapons
 a - the +6 bardiche of Malaise (weapon) {heavy, Will+ Dex+4}
   (Trog gifted it to you on level 3 of the Swamp)

   Dex:       It affects your dexterity (+4).
   Will:      It increases your willpower.
 b - the +8 trident of Beogh's Whim {flame, +Blink Str+3 Int+2}
   (You found it on level 4 of the Lair of Beasts)

   Str:       It affects your strength (+3).
   Int:       It affects your intelligence (+2).
   +Blink:    It lets you blink.
Missiles
 f - 187 stones
 m - 6 javelins
 n - 36 poisoned darts
 s - 8 boomerangs (quivered)
 P - 3 silver javelins
 S - 4 throwing nets
 U - 4 curare-tipped darts
Armour
 e - the -2 hat of the Alchemist (worn) {rElec rPois rF+ rC+ rN+ Will+ rMut rCorr}
   (You found it on level 2 of the Swamp)

   rF:        It protects you from fire.
   rC:        It protects you from cold.
   rElec:     It insulates you from electricity.
   rPois:     It protects you from poison.
   rN:        It protects you from negative energy.
   rCorr:     It protects you from acid and corrosion.
   rMut:      It protects you from mutation.
   Will:      It increases your willpower.
 z - the +15 Maxwell's patent armour (worn) {-Cast -Tele rElec Will+ rCorr}
   (You found it on level 9 of the Dungeon)

   rElec:     It insulates you from electricity.
   -Cast:     It prevents spellcasting.
   -Tele:     It prevents most forms of teleportation.
   rCorr:     It protects you from acid and corrosion.
   Will:      It increases your willpower.
 B - a +2 pair of gloves (worn)
 G - the +1 pair of boots of the Five Ultimatums (worn) {+Inv rF+}
   (You found it on level 1 of the Swamp)

   rF:        It protects you from fire.
   +Inv:      It lets you turn invisible.
 V - a +2 cloak of cold resistance (worn)
Jewellery
 v - a ring of flight
 C - a ring of see invisible (left hand)
 N - an amulet of faith (around neck)
 R - a +5 ring of evasion (right hand)
Wands
 u - a wand of digging (3)
 w - a wand of paralysis (17)
 y - a wand of roots (30)
 F - a wand of flame (19)
 H - a wand of mindburst (12)
 K - a wand of polymorph (5)
 L - a wand of quicksilver (5)
Scrolls
 c - a scroll of fear
 d - a scroll of magic mapping
 k - a scroll of silence
 o - 20 scrolls of teleportation
 x - 6 scrolls of poison
 E - 2 scrolls of immolation
 J - 2 scrolls of blinking
 M - 2 scrolls of fog
Potions
 g - 5 potions of haste
 h - 3 potions of resistance
 i - 3 potions of attraction
 j - 4 potions of berserk rage
 l - 3 potions of might
 p - 7 potions of heal wounds
 q - 11 potions of curing
 r - 7 potions of mutation
 t - 2 potions of cancellation
 A - 3 potions of flight
 D - 2 potions of ambrosia
Miscellaneous
 I - a tin of tremorstones (2/2)
 Q - a phial of floods


   Skills:
 - Level 16.0 Fighting
 * Level 23.8 Polearms
 - Level 16.0 Throwing
 + Level 9.8 Armour
 - Level 16.0 Dodging
 - Level 6.0 Evocations


You had 17 spell levels left.
You didn't know any spells.
Your spell library was empty.

Dungeon Overview and Level Annotations

Branches:
Dungeon (15/15)            Temple (0/1) D:6            Lair (5/5) D:8
  Swamp (3/4) Lair:2        Snake (4/4) Lair:3        Slime (0/5) Lair:4
    Orc (2/2) D:12            Elf (0/3) Orc:2        Vaults (0/5) D:14
 Depths (0/4) D:15          Sewer (visited)           IceCv (visited)

Altars:
Cheibriados
Elyvilon
Fedhas
Gozag
Kikubaaqudgha
Okawaru
Sif Muna
Trog
Vehumet
Wu Jian
Xom
Yredelemnul
Zin
Jiyva

Shops:
D:2 =   Orc:2 [[(?

Portals:
Trove: D:10 (show slimy rune of Zot)

Annotations:
D:5 2 transporters, IdlyInterested's ghost, amateur DsGl
D:10 3 runed translucent doors, Juicyj's ghost, journeyman MiFi
Swamp:1 1 runed translucent door, experimilk's ghost, adept DrCj


Innate Abilities, Weirdness & Mutations

((You are very nimble when in or above water. (Stealth+, EV+, Speed+++)))
Your lower body shifts to a powerful aquatic tail in water.


Message History

You feel the power of Trog in you as your rage grows.
You kill the naga sharpshooter!
Trog accepts your kill.
Trog appreciates your killing of a magic user.
The nagaraja spits poison at you. The splash of poison misses you.
Reach: a) +6 bardiche {heavy, Will+ Dex+4}
Press: ? - help, Dir - move target, f - nagaraja
Aim: a nagaraja, wielding a +0 spear and wearing a +0 robe (lightly wounded, strong, catching its breath, about 26% to evade the +6 bardiche of Malaise)
You reach to attack!
You barely miss the nagaraja.
The nagaraja is lightly wounded.
You feel sick.
The salamander hits you but does no damage.
The nagaraja hits you from afar with a +0 spear!
* * * LOW HITPOINT WARNING * * *
Reach: a) +6 bardiche {heavy, Will+ Dex+4}
Press: ? - help, Dir - move target, f/p - nagaraja
Aim: a nagaraja, wielding a +0 spear and wearing a +0 robe (lightly wounded, strong, about 26% to evade the +6 bardiche of Malaise)
You reach to attack!
You cut the nagaraja into ribbons!!!
The nagaraja is severely wounded.
You feel sick. The salamander barely misses you.
Reach: a) +6 bardiche {heavy, Will+ Dex+4}
Press: ? - help, Dir - move target, f/p - nagaraja
Aim: a nagaraja, wielding a +0 spear and wearing a +0 robe (severely wounded, strong, about 26% to evade the +6 bardiche of Malaise)
You reach to attack!
You closely miss the nagaraja.
The nagaraja is severely wounded.
You feel sick.
You are no longer poisoned.
The nagaraja spits poison at you.
The splash of poison hits you but does no damage.
You resist.
Reach: a) +6 bardiche {heavy, Will+ Dex+4}
Press: ? - help, Dir - move target, f/p - nagaraja
Aim: a nagaraja, wielding a +0 spear and wearing a +0 robe (severely wounded, strong, catching its breath, about 26% to evade the +6 bardiche of Malaise)
You reach to attack!
You hit the nagaraja.
The nagaraja is severely wounded.
The salamander hits you from afar with a +1 vampiric halberd.
* * * LOW HITPOINT WARNING * * *
You are engulfed in flames.
You resist.
You die...

......##.......##...##...........
.....)##.......##...##..........#
......##.......##...##.........##
......##.......##...##.........##
......####################.....##
......#####################....##
......##......N.N.........'....##
......##.......>)........##....##
##'#####......).@........##.....#
##.#####.................##......
......##..................'......
......##.................##......
......##.................##.....#
......##.................##.....#
......##.................##......
......##.................##......
......##.................##......


You could see a nagaraja (strong, catching breath) and a salamander (strong).

Vanquished Creatures
  Vashnia (Snake:3)
  A golden dragon (IceCv)
  Mlioglotl (Swamp:3)
  Rupert (D:13)
  Gastronok (D:8)
  Roxanne (Snake:1)
  Frances (Swamp:1)
  2 thorn hunters
  Kirke (Lair:3)
  A nagaraja (Snake:3)
  Aizul (Snake:1)
  The ghost of Foxy the Fetichist, an adept KoBr of Gozag (Lair:5)
  Louise (Snake:1)
  An orc warlord (Orc:2)
  A stone giant (D:15)
  An eleionoma (Swamp:3)
  3 bunyips
  A fire dragon (shapeshifter) (D:13)
  A fire dragon (D:15)
  5 ice dragons (IceCv)
  4 vault guards (D:14)
  A catoblepas (Lair:4)
  4 salamander tyrants (Snake:3)
  2 ghost crabs (Swamp:2)
  2 two-headed ogres (D:9)
  A boulder beetle (D:14)
  4 alligators
  16 anacondas
  7 centaur warriors
  13 hydras
  6 death yaks (Lair:5)
  2 tengu warriors (D:15)
  Erica (D:9)
  7 naga warriors
  3 orc high priests (Orc:2)
  11 naga sharpshooters
  A spriggan (Swamp:2)
  8 shock serpents
  3 salamander mystics
  Amaemon (D:8)
  10 skeletal warriors
  5 goliath frogs
  An orange crystal statue (IceCv)
  5 naga ritualists
  A glowing orange brain (shapeshifter) (D:13)
  2 bog bodies
  8 orc knights
  5 deep elf pyromancers
  2 swamp dragons
  A wizard (D:14)
  12 ugly things
  Pikel (D:8)
  An oklob plant (Snake:2)
  14 mana vipers
  A wolf spider (D:15)
  9 orc sorcerers
  7 cyclopes
  A manticore (D:13)
  2 will-o-the-wisps (Swamp:2)
  9 salamanders
  31 black mambas
  8 elephants
  A guardian serpent (shapeshifter) (D:14)
  A guardian serpent (Snake:1)
  10 naga magi
  6 storm dragon simulacra (IceCv)
  Maurice (D:8)
  2 torpor snails
  A gargoyle (D:10)
  17 cane toads
  An orange demon (D:8)
  Maggie (D:6)
  An unseen horror (D:13)
  An efreet (D:14)
  2 kobold demonologists
  2 rime drakes
  8 komodo dragons
  2 golden dragon simulacra (IceCv)
  A tengu conjurer (D:14)
  2 polar bears
  8 trolls
  3 meliai (D:15)
  2 bloated husks
  26 blink frogs
  2 hornets
  8 tyrant leeches
  A tarantella (shapeshifter) (D:13)
  21 dream sheep
  7 slime creatures
  3 shadows
  A culicivora (shapeshifter) (D:15)
  6 wyverns
  2 wraiths
  A vampire (D:14)
  A hog (Lair:3)
  4 basilisks
  31 yaks
  Eustachio (D:5)
  A steam dragon (D:9)
  44 vampire mosquitoes
  33 nagas
  2 wargs
  2 acid dragons
  15 water moccasins
  14 swamp worms
  34 orc warriors
  2 swamp drakes
  2 black bears
  6 ice dragon simulacra (IceCv)
  4 ice beasts
  A sky beast (D:7)
  13 wolves
  Pargi (Sewer)
  7 ogres
  16 centaurs
  2 phantoms
  17 bullfrogs
  3 kobold brigands
  3 necrophages
  2 gnoll sergeants
  A scorpion (D:5)
  9 wights
  7 lindwurm simulacra (IceCv)
  3 killer bees (D:9)
  2 electric eels
  5 howler monkeys
  5 hounds (D:5)
  2 jellies (D:6)
  14 orc priests
  4 gnoll boudas
  5 iguanas
  18 orc wizards
  7 hell rats (Lair:3)
  8 gnolls
  7 adders
  5 ufetubi
  5 worms
  A dart slug (D:3)
  66 orcs
  5 endoplasms
  2 giant cockroaches
  4 goblins
  5 hobgoblins
  4 jackals
  2 quokkas
  10 ball pythons
  5 bats (D:2)
  3 frilled lizards
  6 kobolds
  6 rats
  A briar patch (Swamp:2)
899 creatures vanquished.

Vanquished Creatures (collateral kills)
  A minotaur (Lair:5)
  A two-headed ogre (D:9)
  A naga ritualist (Snake:3)
  A deep elf pyromancer (D:9)
  An ugly thing (D:15)
  A salamander (Snake:3)
  3 black mambas
  A cane toad (Lair:5)
  A blink frog (Lair:5)
  3 dream sheep (Lair:1)
  A steam dragon (D:9)
  A giant cockroach (D:4)
16 creatures vanquished.

Vanquished Creatures (others)
  A centaur warrior (D:14)
  An alligator (Swamp:2)
  A will-o-the-wisp (Swamp:3)
  A bloated husk (Swamp:3)
  A human (D:7)
  A centaur (D:15)
  A bullfrog (Lair:3)
  A gnoll (D:9)
  18 foxfires (Swamp:2)
  38 fungi
  97 plants
161 creatures vanquished.

Grand Total: 1076 creatures vanquished

Notes
Turn   | Place    | Note
-------+----------+-------------------------------------------
     0 | D:1      | jejorda2 the Merfolk Berserker began the quest for the Orb.
     0 | D:1      | Reached XP level 1. HP: 18/18 MP: 1/1
     9 | D:1      | Noticed a centaur
   111 | D:1      | Found a faded altar of an unknown god.
   237 | D:1      | Reached XP level 2. HP: 23/24 MP: 2/2
   666 | D:2      | Reached XP level 3. HP: 28/29 MP: 3/3
   979 | D:2      | Reached skill level 5 in Polearms
  1002 | D:2      | Found Syerch Pagif's Jewellery Shoppe.
  1091 | D:3      | Reached ** piety under Trog
  1125 | D:3      | Found a basalt altar of Yredelemnul.
  1135 | D:3      | Identified the +8 triple crossbow "Arbiter" {speed, Will++
                  | Dex+2}
  1210 | D:3      | Reached XP level 4. HP: 16/37 MP: 4/4
  1606 | D:3      | Found an opulent altar of Gozag.
  1810 | D:4      | Noticed an ogre
  1817 | D:4      | Killed an ogre
  1818 | D:4      | Reached skill level 6 in Polearms
  1818 | D:4      | Reached XP level 5. HP: 43/43 MP: 5/5
  1832 | D:4      | Found a glowing drain.
  1843 | Sewer    | Entered a sewer
  1882 | Sewer    | Reached XP level 6. HP: 49/49 MP: 6/6
  1896 | Sewer    | Noticed Pargi
  1902 | Sewer    | Killed Pargi
  1903 | Sewer    | Reached skill level 7 in Polearms
  2097 | D:4      | Noticed a black bear
  2105 | D:4      | Killed a black bear
  2106 | D:4      | Reached skill level 5 in Fighting
  2106 | D:4      | Reached skill level 5 in Dodging
  2106 | D:4      | Reached XP level 7. HP: 50/56 MP: 7/7
  2176 | D:4      | Reached skill level 8 in Polearms
  2495 | D:4      | You fall into a shaft and drop 2 floors!
  2497 | D:6      | Found a staircase to the Ecumenical Temple.
  2596 | D:6      | Noticed Maggie
  2607 | D:6      | Killed Maggie
  2608 | D:6      | Reached skill level 10 in Polearms
  2608 | D:6      | Reached XP level 8. HP: 64/64 MP: 8/8
  2735 | D:5      | Entered Level 5 of the Dungeon
  2781 | D:5      | Reached skill level 11 in Polearms
  3023 | D:5      | Reached skill level 12 in Polearms
  3114 | D:5      | Reached XP level 9. HP: 69/69 MP: 9/9
  3151 | D:5      | Noticed Eustachio
  3166 | D:5      | Killed Eustachio
  3166 | D:5      | Reached *** piety under Trog
  3167 | D:5      | Reached skill level 13 in Polearms
  3506 | D:5      | Found a transporter.
  3509 | D:5      | Noticed IdlyInterested's ghost (amateur DsGl)
  3514 | D:5      | Found a transporter.
  3969 | D:2      | Bought a ring of poison resistance for 220 gold pieces
  4110 | D:6      | Reached XP level 10. HP: 76/76 MP: 10/10
  4645 | D:6      | Reached skill level 14 in Polearms
  4888 | D:7      | Found an iron altar of Okawaru.
  5210 | D:7      | Reached skill level 1 in Throwing
  5281 | D:7      | Found an ancient bone altar of Kikubaaqudgha.
  5328 | D:7      | Reached skill level 1 in Evocations
  5449 | D:7      | Found a blossoming altar of Fedhas.
  5524 | D:8      | Identified a scroll of acquirement
  5524 | D:8      | Acquired 1011 gold pieces
  5545 | D:8      | Noticed Maurice
  5545 | D:8      | Paralysed by Maurice for 5 turns
  5560 | D:8      | Killed Maurice
  5609 | D:8      | Found a staircase to the Lair.
  5658 | D:8      | Noticed Gastronok
  5674 | D:8      | Killed Gastronok
  5675 | D:8      | Reached XP level 11. HP: 83/83 MP: 11/11
  6016 | D:8      | Found a snail-covered altar of Cheibriados.
  6141 | D:8      | Noticed Pikel
  6151 | D:8      | Killed Pikel
  6264 | D:8      | Noticed Amaemon
  6280 | D:8      | Killed Amaemon
  6604 | D:9      | Noticed a two-headed ogre
  6613 | D:9      | Noticed an orc sorcerer
  6618 | D:9      | Noticed a deep elf pyromancer
  6619 | D:9      | Killed a two-headed ogre
  6623 | D:9      | Paralysed by an orc sorcerer for 3 turns
  6627 | D:9      | Killed an orc sorcerer
  6628 | D:9      | Reached skill level 15 in Polearms
  6648 | D:9      | Noticed a two-headed ogre
  6670 | D:9      | Killed a deep elf pyromancer
  6689 | D:9      | Killed a two-headed ogre
  7107 | D:9      | Noticed a centaur warrior
  7123 | D:9      | Killed a centaur warrior
  7124 | D:9      | Reached skill level 5 in Throwing
  7124 | D:9      | Reached skill level 5 in Evocations
  7200 | D:9      | Reached XP level 12. HP: 41/94 MP: 12/12
  7214 | D:9      | Noticed a two-headed ogre
  7542 | D:9      | Noticed an eight-headed hydra
  7548 | D:9      | Killed an eight-headed hydra
  7692 | D:9      | Noticed a centaur warrior
  7698 | D:9      | Killed a centaur warrior
  7718 | D:9      | Reached **** piety under Trog
  7850 | D:9      | Killed a two-headed ogre
  7999 | D:9      | Found a glowing silver altar of Zin.
  8001 | D:9      | Found a shimmering blue altar of Sif Muna.
  8005 | D:9      | Found a shimmering altar of Xom.
  8006 | D:9      | Found a white marble altar of Elyvilon.
  8032 | D:9      | Reached skill level 16 in Polearms
  8272 | D:9      | Found the +15 Maxwell's patent armour {-Cast -Tele rElec
                  | Will+ rCorr}
  8452 | D:9      | Found a radiant altar of Vehumet.
  8481 | D:10     | Entered Level 10 of the Dungeon
  8481 | D:10     | Noticed Erica
  8491 | D:9      | Killed Erica
  8611 | D:10     | Found a runed translucent gate.
  8611 | D:10     | Found a runed translucent gate.
  8611 | D:10     | Found a runed translucent gate.
  8836 | D:10     | Reached skill level 10 in Fighting
  9237 | D:10     | Found a portal to a secret trove of treasure.
  9308 | D:10     | Noticed Juicyj's ghost (journeyman MiFi)
  9514 | D:11     | Reached skill level 17 in Polearms
  9837 | D:11     | Found a blossoming altar of Fedhas.
 10484 | D:12     | Reached XP level 13. HP: 93/105 MP: 13/13
 11017 | D:12     | Found a staircase to the Orcish Mines.
 11364 | Lair:1   | Entered Level 1 of the Lair of Beasts
 11574 | Lair:1   | Reached skill level 18 in Polearms
 11696 | Lair:1   | Reached ***** piety under Trog
 11879 | Lair:1   | Reached skill level 19 in Polearms
 12513 | Lair:2   | Found a staircase to the Swamp.
 12626 | Lair:2   | Reached skill level 20 in Polearms
 12830 | Lair:2   | Reached XP level 14. HP: 115/115 MP: 14/14
 13655 | Lair:3   | Found a staircase to the Snake Pit.
 13799 | Lair:3   | Noticed Kirke
 13800 | Lair:3   | Noticed a sphinx
 13819 | Lair:3   | Killed Kirke
 14037 | Lair:3   | Received a gift from Trog
 14404 | Lair:4   | Found a staircase to the Slime Pits.
 14404 | Lair:4   | Found a viscous altar of Jiyva.
 15628 | Lair:4   | Identified the +8 trident of Beogh's Whim {flame, +Blink
                  | Str+3 Int+2}
 15675 | Lair:5   | Entered Level 5 of the Lair of Beasts
 15910 | Lair:4   | Reached skill level 10 in Throwing
 16016 | Lair:5   | Found a runed translucent gate.
 16016 | Lair:5   | Found a runed translucent gate.
 16016 | Lair:5   | Found a runed translucent gate.
 16023 | Lair:5   | Noticed Foxy's ghost (adept KoBr)
 16336 | Lair:5   | Reached skill level 10 in Dodging
 16682 | Lair:5   | Reached XP level 15. HP: 110/120 MP: 15/15
 17190 | Lair:5   | Killed Foxy's ghost
 18669 | D:13     | Noticed Rupert
 18680 | D:13     | Killed Rupert
 19254 | D:14     | Identified the amulet of Fadun {Acrobat rF+ Int+2}
 19267 | D:14     | Received a gift from Trog
 19600 | D:14     | HP: 7/183 [very large slime creature (18)]
 20215 | D:14     | Found a gate to the Vaults.
 20480 | D:14     | Found an ornate altar of the Wu Jian Council.
 20630 | D:15     | Entered Level 15 of the Dungeon
 20657 | D:14     | HP: 6/124 [cyan ugly thing (5)]
 21152 | D:14     | Found a gate to the Vaults.
 21231 | D:14     | Found an ornate altar of the Wu Jian Council.
 21474 | D:15     | Reached XP level 16. HP: 27/131 MP: 16/16
 22447 | D:15     | Found a staircase to the Depths.
 22666 | Orc:1    | Entered Level 1 of the Orcish Mines
 22939 | Orc:2    | Entered Level 2 of the Orcish Mines
 23039 | Orc:2    | Found a staircase to the Elven Halls.
 23507 | Orc:2    | Found Ythoaps's Magic Scroll Boutique.
 23678 | Orc:2    | Found Cuirch's Armour Emporium.
 23687 | Orc:2    | Found Aragh's Armour Emporium.
 23689 | Orc:2    | Found Osmiefus's Weapon Boutique.
 23698 | Orc:2    | Bought 4 curare-tipped darts for 48 gold pieces
 24461 | Lair:2   | Upgraded the game from 0.30-a0-629-gd54f4be4f7 to
                  | 0.30-a0-632-g346586fe48
 24470 | Swamp:1  | Entered Level 1 of the Swamp
 24618 | Swamp:1  | Noticed Frances
 24630 | Swamp:1  | Killed Frances
 24647 | Swamp:1  | Reached skill level 15 in Fighting
 24652 | Swamp:1  | Identified the +5 halberd of Yniamal {heavy, rPois rCorr
                  | MP-9 Str+5} (Trog gifted it to you on level 1 of the Swamp)
 24652 | Swamp:1  | Received a gift from Trog
 24828 | Swamp:1  | Found a runed translucent door.
 24829 | Swamp:1  | Found a shimmering altar of Xom.
 24829 | Swamp:1  | Noticed experimilk's ghost (adept DrCj)
 24963 | Swamp:1  | Identified the +1 pair of boots of the Five Ultimatums
                  | {+Inv rF+}
 25361 | Swamp:2  | Found the -2 hat of the Alchemist {rElec rPois rF+ rC+ rN+
                  | Will+ rMut rCorr}
 25414 | Swamp:2  | Noticed a thorn hunter
 25425 | Swamp:2  | Killed a thorn hunter
 26807 | Swamp:3  | Reached XP level 17. HP: 144/144 MP: 8/17
 26939 | Swamp:3  | Reached skill level 15 in Dodging
 27164 | Swamp:3  | Noticed Mlioglotl
 27176 | Swamp:3  | Killed Mlioglotl
 27180 | Swamp:3  | Identified the +6 bardiche of Malaise {heavy, Will+ Dex+4}
                  | (Trog gifted it to you on level 3 of the Swamp)
 27180 | Swamp:3  | Received a gift from Trog
 27438 | Snake:1  | Entered Level 1 of the Snake Pit
 27854 | Snake:1  | Noticed Louise
 27887 | Snake:1  | Killed Louise
 27893 | Snake:1  | Reached skill level 15 in Throwing
 28184 | Snake:1  | Identified the +7 hand axe "Dublid" {spect, rF+ rN++ rCorr
                  | SInv}
 28368 | Snake:1  | Noticed Aizul
 28379 | Snake:1  | Killed Aizul
 28677 | Snake:1  | Identified Roxanne's Excursus on Terrain
 28677 | Snake:1  | Noticed Roxanne
 28692 | Snake:1  | Killed Roxanne
 29155 | Snake:2  | Received a gift from Trog
 29156 | Snake:2  | Reached skill level 21 in Polearms
 30175 | Snake:2  | Found a bloodstained altar of Trog.
 30656 | Snake:3  | Received a gift from Trog
 30666 | Snake:3  | Reached skill level 22 in Polearms
 30718 | Snake:3  | Found a frozen archway.
 30734 | Snake:3  | Reached XP level 18. HP: 90/151 MP: 18/18
 30796 | IceCv    | Entered an ice cave
 31205 | IceCv    | Noticed a golden dragon
 31214 | IceCv    | Killed a golden dragon
 31317 | IceCv    | Identified the ring of Tonworao {rN+ Stlth+}
 31688 | Orc:2    | Bought a scroll of enchant armour for 90 gold pieces
 31945 | Snake:3  | Noticed Vashnia
 32559 | Snake:3  | Received a gift from Trog
 32564 | Snake:3  | Reached skill level 23 in Polearms
 33788 | Snake:3  | Killed Vashnia
 34019 | Snake:4  | Entered Level 4 of the Snake Pit
 34139 | Snake:3  | HP: 10/226 [nagaraja/+0 spear (15)]
 34142 | Snake:3  | Slain by a salamander

Illustrated notes

Levels and vault maps discovered:
D:1:      evilmike_arrival_come_back, layout_rooms,
          ebering_ecumenical_altar_webs, corexii_leaking_fountain
D:2:      layout_loops_ring, serial_shops, nicolae_shop_behind_doors
D:3:      layout_loops_ring, mainiacjoe_overflow_boulevard,
          yredelemnul_altar_generic, dk_noncrumbling_4, serial_park_tiny_2,
          kennysheep_generic_room_5
D:4:      layout_cave_pools, cheibrodos_sewer_entry_sluice,
          minmay_fractal_squares_diagonal_5
D:5:      layout_loops_ring, gammafunk_ghost_mausoleum, st_stairs_5,
          dk_rats_in_the_wall, uniq_eustachio
D:6:      layout_gridville, minmay_temple_entry_statues_fountains, uniq_maggie
D:7:      layout_cave_pools, lemuel_doored_altar, tgw_kikubaaqudgha,
          old_standard_altar
D:8:      layout_gridville, chei_slow_surprise, lair_entry_dummy,
          uniq_gastronok, uniq_pikel, uniq_maurice, uniq_amaemon
D:9:      minmay_the_grid_4x2 [minmay_the_grid_zigzag_pyramid,
          minmay_the_grid_tri_star, minmay_the_grid_doors,
          minmay_the_grid_rooms, minmay_the_grid_odd_star,
          minmay_the_grid_tiny_cups, minmay_the_grid_pillar_ring,
          minmay_the_grid_prize_inner_circle], layout_loops_corners,
          mainiacjoe_overflow_alcove_1, minitemple, amcnicky_mini_pool_small
D:10:     layout_cave_pools, gammafunk_ghost_spectres, enter_trove_6, uniq_erica
D:11:     layout_loops_ring, fedhas_bush_and_centaur_altar
D:12:     layout_roguey, orc_0_dummy
D:13:     layout_gridville, uniq_rupert
D:14:     layout_loops_cross, lightli_vaults_fourway_checkpoint,
          nicolae_wu_jian_immortal_techniques
D:15:     grunt_enter_depths_snipers, layout_cave_pools, minmay_strange_pillars
Lair:1:   layout_regular_city, infiniplex_staircase_pool, grunt_megastairs_2
Lair:2:   layout_chaotic_city, minmay_swamp_entry_worms,
          dreamdust_gnoll_shepherd
Lair:3:   layout_regular_city, guppyfry_snake_entry_garden, uniq_kirke
Lair:4:   layout_cave_pods, slime_entry_1
Lair:5:   minmay_lair_end_frog_pond, layout_regular_city,
          maelrawn_ghost_gauntlet_escape, pond
Swamp:1:  layout_basic_swamp, ebering_ghost_xom,
          nicolae_swamp_decorative_isthmus, uniq_frances
Swamp:2:  layout_falls_marsh, evilmike_swamp_ruin_house_4, swamp_pool4,
          nicolae_swamp_catching_bugs, infiniplex_staircase_pool_2
Swamp:3:  layout_falls_marsh, nicolae_swamp_ascending_descending_big,
          uniq_mlioglotl
Snake:1:  layout_honeycomb, grunt_megastairs_3, lemuel_fruit_tree, uniq_roxanne,
          uniq_aizul, uniq_louise
Snake:2:  layout_gridlike, lemuel_oklob_altar, grunt_megastairs_5
Snake:3:  cheibrodos_forgotten_conduit, layout_grid_maze,
          portal_ice_cave_entry_pillars_1, uniq_vashnia
Snake:4:  snake_hunt, layout_layer_cave, serial_shops, nicolae_square_shop,
          nicolae_snake_storage_room, grunt_megastairs_4
Orc:1:    layout_diamond_mine, nicolae_orc_lost_temple
Orc:2:    st_orc_elflike, layout_caves

Skill      XL: |  1  2  3  4  5  6  7  8  9 10 11 12 13 14 15 16 17 18 |
---------------+-------------------------------------------------------+-----
Dodging        | 3 4 5 6 10 13 14 16 | 16.0
Polearms       | 5 6 7 10 12 13 14 15 17 20 22 23 | 23.8
Fighting       | 4 5 6 8 10 12 13 15 16 | 16.0
Armour         | 9 |  9.8
Throwing       | 2 5 6 11 13 14 15 16 | 16.0
Evocations     | 2 5 6 |  6.0

Action                   |  1- 3 |  4- 6 |  7- 9 | 10-12 | 13-15 | 16-18 || total
-------------------------+-------+-------+-------+-------+-------+-------++-------
Melee: Spear             |    22 |       |       |       |       |       ||    22
       Demon trident     |    61 |    53 |   145 |   698 |    54 |       ||  1011
       Tailslap          |       |     1 |       |       |    14 |    18 ||    33
       Punch             |       |       |       |    10 |     2 |     1 ||    13
       Glaive            |       |       |       |       |   429 |       ||   429
       Halberd           |       |       |       |       |   552 |   560 ||  1112
       Trident           |       |       |       |       |    20 |    31 ||    51
       Bardiche          |       |       |       |       |       |   503 ||   503
Throw: Stone             |       |       |     7 |       |     7 |       ||    14
       Dart              |       |       |     1 |    33 |    17 |    31 ||    82
       Boomerang         |       |       |       |       |       |    29 ||    29
       Javelin           |       |       |       |       |       |     1 ||     1
       Throwing net      |       |       |       |       |       |     1 ||     1
Invok: Berserk           |       |     1 |     3 |    13 |    12 |    11 ||    40
       Trog's Hand       |       |       |     1 |     8 |     7 |     7 ||    23
       Brothers in Arms  |       |       |       |       |     2 |     3 ||     5
Evoke: Wand              |       |       |     1 |     1 |     2 |    34 ||    38
  Use: Scroll            |       |     7 |     4 |    13 |     7 |     5 ||    36
       Potion            |       |       |     1 |     3 |       |     2 ||     6
 Stab: Sleeping          |     5 |     1 |     2 |       |       |       ||     8
       Invisible         |       |       |       |     2 |       |       ||     2
Armor: Animal skin       |    15 |       |       |       |       |       ||    15
       Ring mail         |       |     9 |    11 |       |       |       ||    20
       Acid dragon scale |       |       |    14 |       |       |       ||    14
       Plate armour      |       |       |       |   337 |   666 |   630 ||  1633
Dodge: Dodged            |    37 |    39 |    67 |   200 |   416 |  1045 ||  1804

Table legend: (Time is in decaauts)
 A = Elapsed time spent in this place.
 B = Non-inter-level travel time spent in this place.
 C = Inter-level travel time spent in this place.
 D = Time resting spent in this place.
 E = Time spent auto-exploring this place.
 F = Levels seen in this place.
 G = Mean time per level.
                   A        B        C        D        E       F      G
               +--------+--------+--------+--------+--------+-----+--------+
         Total |  33750 |  30395 |   3355 |   3988 |  20599 |  31 | 1088.7 |
       Dungeon |  16772 |  14991 |   1781 |   1815 |  10655 |  15 | 1118.1 |
          Lair |   6324 |   5549 |    775 |    599 |   3757 |   5 | 1264.8 |
         Swamp |   2632 |   2482 |    150 |      0 |   1993 |   3 |  877.3 |
     Snake Pit |   5535 |   5040 |    495 |   1093 |   3020 |   4 | 1383.8 |
  Orcish Mines |   1689 |   1537 |    152 |    235 |    919 |   2 |  844.5 |
         Sewer |    182 |    182 |      0 |      7 |    116 |   1 |  182.0 |
      Ice Cave |    614 |    614 |      0 |    238 |    137 |   1 |  614.0 |
               +--------+--------+--------+--------+--------+-----+--------+

Top non-repeatable levels by time:
     D:9: 2335 daAuts
    D:14: 2266 daAuts
 Snake:3: 2009 daAuts
 Snake:2: 1835 daAuts
 Snake:1: 1684 daAuts
    D:13: 1496 daAuts
  Lair:3: 1432 daAuts
  Lair:5: 1417 daAuts
  Lair:4: 1255 daAuts
 Swamp:2: 1226 daAuts
  Lair:2: 1174 daAuts
     D:8: 1144 daAuts
     D:6: 1096 daAuts
  Lair:1: 1045 daAuts
    D:15: 1043 daAuts
